 Dungeon Crawl Stone Soup version 0.22-a0-305-gd21a89c (webtiles) character file.

14 xccam the Shield-Bearer (level 2, -2/24 HPs)
             Began as a Formicid Fighter on Mar 31, 2018.
             Slain by a gnoll
             ... wielding a +0 spear
              (4 damage)
             ... on level 2 of the Dungeon.
             The game lasted 00:01:42 (422 turns).

xccam the Shield-Bearer (Formicid Fighter)           Turns: 422, Time: 00:01:42

Health: -2/24      AC:  6    Str: 20    XL:     2   Next: 55%
Magic:  2/2        EV:  7    Int:  7    God:
Gold:   39         SH:  9    Dex: 10    Spells: 1/1 levels left

rFire    . . .     SeeInvis +   a - +0 war axe
rCold    . . .     Gourm    .   c - +0 shield
rNeg     . . .     Faith    .   b - +0 scale mail
rPois    .         Spirit   .   (helmet unavailable)
rElec    .         Reflect  .   (no cloak)
rCorr    .         Harm     .   (no gloves)
MR       .....                  (no boots)
Stlth    ..........             (no amulet)
HPRegen  0.08/turn              (no ring)
MPRegen  0.08/turn              (no ring)

@: no status effects
A: permanent stasis, dig shafts and tunnels, four strong arms, antennae 3
a: Dig, Shaft Self


You were on level 2 of the Dungeon.
You were not hungry.

You visited 1 branch of the dungeon, and saw 2 of its levels.

You collected 39 gold pieces.

Inventory:

Hand Weapons
 a - a +0 war axe (weapon)
Armour
 b - a +0 scale mail (worn)
 c - a +0 shield (worn)
Jewellery
 j - a cursed -2 ring of evasion {unknown}
Scrolls
 e - a scroll of teleportation {unknown}
 g - a scroll of noise {unknown}
 h - a scroll of amnesia {unknown}
 i - a scroll of fear {unknown}
 k - a scroll of fog {unknown}
 l - a scroll of identify {unknown}
 m - a scroll of blinking {unknown}
Potions
 d - a potion of might
Comestibles
 f - 5 rations


   Skills:
 - Level 3.2 Fighting
 + Level 3.0 Axes
 - Level 3.2 Armour
 - Level 3.6 Shields


You had one spell level left.
You didn't know any spells.

Dungeon Overview and Level Annotations

Branches:
Dungeon (2/15)

Altars:


Innate Abilities, Weirdness & Mutations

You cannot be hasted, slowed, berserked, paralysed or teleported.
You can dig through walls and to a lower floor.
Your four strong arms can wield two-handed weapons with a shield.
You have a pair of large antennae on your head. (SInv)


Message History

You hit the worm.
The worm is moderately wounded.
The gnoll hits you from afar with a spear.
The worm bites you but does no damage. The gnoll hits you with a spear.
You hit the gnoll.
The gnoll is heavily wounded.
You hit the gnoll. You hit the worm. The gnoll hits you.
The gnoll hits you with a spear.
* * * LOW HITPOINT WARNING * * *
The worm barely misses you.
Unknown command.
Your shield and scale mail prevent you from hitting the gnoll.
The gnoll is heavily wounded.
You hit the worm. You slash the gnoll! The gnoll closely misses you.
The gnoll hits you but does no damage. You block the gnoll's attack.
The worm bites you.
* * * LOW HITPOINT WARNING * * *
The gnoll hits you with a spear.
You die...

# { #. #
##.##############.#
.##...#<.....gggw.†.#
........#######g@####
.......{# #.....#
......?## #.###)#
.##...## ... # .....
...# ...... ##...{
####.# #### #.


You could see a worm and 4 gnolls.

Vanquished Creatures
  3 goblins (D:1)
  A hobgoblin (D:1)
  2 kobolds (D:1)
  3 bats
  2 frilled lizards (D:1)
  A rat (D:1)
12 creatures vanquished.

Notes
Turn   | Place    | Note
-------+----------+-------------------------------------------
     0 | D:1      | xccam the Formicid Fighter began the quest for the Orb.
     0 | D:1      | Reached XP level 1. HP: 18/18 MP: 1/1
   187 | D:1      | Reached XP level 2. HP: 24/24 MP: 2/2
   422 | D:2      | Slain by a gnoll

Vault maps used:
D:1:      minmay_arrival_loop, minmay_pentomino_x2
D:2:      first_ration

Skill      XL: |  1  2 |
---------------+-------+-----
Axes           | 3 |  3.0
Fighting       | |  3.2
Armour         | |  3.2
Shields        | |  3.6

Action                   || total
-------------------------++-------
Melee: War axe           ||    44
Armor: Scale mail        ||    26
Dodge: Dodged            ||    19
Block: Shield            ||    23

Table legend:
 A = Spawn XP
 B = Non-spawn XP
 C = Spawn XP percentage of total XP
 D = Spawn monster count
 E = Non-spawn monster count
 F = Spawn count percentage of total count
 G = Total turns spent on level
                    A         B        C        D         E        F      G
               +---------+---------+-------+---------+---------+-------+---------
         Total |       0 |      20 |   0.0 |       0 |      12 |   0.0 |   422
               +---------+---------+-------+---------+---------+-------+---------
           D:1 |       0 |      18 |   0.0 |       0 |      11 |   0.0 |   399
           D:2 |       0 |       2 |   0.0 |       0 |       1 |   0.0 |    23
               +---------+---------+-------+---------+---------+-------+---------
